 Dungeon Crawl Stone Soup version 0.24-a0-524-gf43b32f898 (webtiles) character file.

Game seed: 12239215755751218657

291 Gynju the Shield-Bearer (level 6, -3/49 HPs)
             Began as a Formicid Fighter on July 31, 2019.
             Was a Follower of Qazlal.
             Slain by an iguana (12 damage)
             ... on level 4 of the Dungeon.
             The game lasted 00:02:21 (2561 turns).

Gynju the Shield-Bearer (Formicid Fighter)          Turns: 2561, Time: 00:02:22

Health: -3/49      AC:  7    Str: 22    XL:     6   Next: 58%
Magic:  6/6        EV:  9    Int:  8    God:    Qazlal [*.....]
Gold:   170        SH: 11    Dex: 10    Spells: 5/5 levels left

rFire    . . .     SeeInvis +   a - +0 war axe
rCold    . . .     Gourm    .   c - +0 shield
rNeg     . . .     Faith    +   b - +0 scale mail
rPois    .         Spirit   .   (helmet unavailable)
rElec    .         Reflect  .   (no cloak)
rCorr    .         Harm     .   (no gloves)
MR       .....                  (no boots)
Stlth    ..........             m - amulet of faith
HPRegen  0.16/turn              g - +1 ring of evasion
MPRegen  0.10/turn              (no ring)

@: no status effects
A: permanent stasis, dig shafts and tunnels, four strong arms, antennae 3
a: Dig, Shaft Self, Renounce Religion


You were on level 4 of the Dungeon.
You worshipped Qazlal.
Qazlal was aware of your devotion.
You were not hungry.

You visited 1 branch of the dungeon, and saw 4 of its levels.

You collected 170 gold pieces.

Inventory:

Hand Weapons
 a - a +0 war axe (weapon)
Missiles
 k - 15 poisoned darts (quivered)
Armour
 b - a +0 scale mail (worn)
 c - a +0 shield (worn)
Jewellery
 g - a +1 ring of evasion (left hand)
 m - an amulet of faith (around neck)
 q - an uncursed ring of protection from magic {unknown}
 t - a +4 ring of dexterity {unknown}
Wands
 r - a wand of random effects (25)
Scrolls
 e - 6 scrolls of remove curse {unknown}
 j - 2 scrolls of identify {unknown}
 l - 2 scrolls of random uselessness {unknown}
 o - 3 scrolls of teleportation {unknown}
 p - a scroll of blinking {unknown}
 u - a scroll of enchant weapon {unknown}
Potions
 d - 2 potions of might
 h - 2 potions of cancellation {unknown}
 i - 2 potions of degeneration {unknown}
 s - a potion of haste {unknown}
Comestibles
 f - 7 rations
 n - 11 chunks of flesh


   Skills:
 + Level 4.4 Fighting
 * Level 4.3 Axes
 + Level 4.4 Armour
 + Level 4.8 Shields


You had 5 spell levels left.
You didn't know any spells.
Your spell library contained the following spells:

 Spells                   Type           Power        Failure   Level  Hunger
 Beastly Appendage        Tmut           #.....       95%         1    ##.....
 Sticks to Snakes         Tmut           #.......     99%         2    ###....
 Spider Form              Tmut/Pois      #.........   100%        3    ####...
 Ice Form                 Ice/Tmut       #.......     100%        4    #####..
 Blade Hands              Tmut           #.........   100%        5    ######.


Dungeon Overview and Level Annotations

Branches:
Dungeon (4/15)
 Temple: D:4-7

Altars:
Qazlal


Innate Abilities, Weirdness & Mutations

You cannot be hasted, slowed, berserked, paralysed or teleported.
You can dig through walls and to a lower floor.
Your four strong arms can wield two-handed weapons with a shield.
You have a pair of large antennae on your head. (SInv)


Message History

You closely miss the orc. The orc hits you but does no damage.
You block the orc's attack.
Things that are here:
a +0 dagger; a +0 robe You closely miss the orc.
The orc is heavily wounded.
You block the orc's attack.
You barely miss the orc.
The orc is heavily wounded.
You block the orc's attack.
You closely miss the orc.
The orc is moderately wounded.
The orc hits you but does no damage. The iguana bites you!
* * * LOW HITPOINT WARNING * * *
You block the orc's attack.
You slash the orc!
You kill the orc!
Qazlal accepts your kill.
You closely miss the iguana. The iguana bites you!
You die...

#.# #.#.....(..#...##
#.# >..
#.####.##.###.#####.#
.## #.# #...##
##......###
...###.##.###.## ##....
.... ...##..#.# ##...##
#...###.##.#.#####.###.#
#.....).....##....# #..
#)l...†...##.###.#
#@#####.#####...## #(#
#.# ##### ... ..# ##.##
##.# #.# #.# #.. ... ###
#.#


You could see an iguana.

Vanquished Creatures
  A phantom (D:4)
  An orc wizard (D:4)
  2 worker ants (D:4)
  7 adders
  2 worms
  A dart slug (D:2)
  2 leopard geckos
  7 orcs
  3 giant cockroaches
  5 hobgoblins
  3 jackals (D:1)
  3 kobolds
  3 ball pythons
  8 bats
  4 frilled lizards
  3 goblins (D:3)
  A leopard gecko skeleton (D:4)
  4 rats
60 creatures vanquished.

Notes
Turn   | Place    | Note
-------+----------+-------------------------------------------
     0 | D:1      | Gynju the Formicid Fighter began the quest for the Orb.
     0 | D:1      | Reached XP level 1. HP: 18/18 MP: 1/1
   139 | D:1      | Reached XP level 2. HP: 22/24 MP: 2/2
   790 | D:2      | Reached XP level 3. HP: 6/29 MP: 3/3
  1204 | D:2      | Reached XP level 4. HP: 37/37 MP: 4/4
  1642 | D:3      | Found a stormy altar of Qazlal.
  1647 | D:3      | Noticed an earth elemental
  1647 | D:3      | Noticed a water elemental
  1648 | D:3      | Noticed an air elemental
  1648 | D:3      | Noticed a fire elemental
  1661 | D:3      | Became a worshipper of Qazlal Stormbringer
  2011 | D:3      | Reached XP level 5. HP: 35/42 MP: 5/5
  2456 | D:4      | Reached * piety under Qazlal
  2525 | D:4      | Noticed a phantom
  2534 | D:4      | Killed a phantom
  2534 | D:4      | Reached XP level 6. HP: 29/48 MP: 6/6
  2561 | D:4      | Slain by an iguana

Levels and vault maps discovered:
D:1:      dpeg_arrival_pond, layout_loops_cross
D:2:      layout_rooms
D:3:      layout_basic, nicolae_qazlal_style_of_elements, first_ration
D:4:      layout_loops_ring, nicolae_overflow_crystal_walls

Skill      XL: |  1  2  3  4  5 |
---------------+----------------+-----
Shields        | 4 |  4.8
Axes           | 3 4 |  4.3
Armour         | 4 |  4.4
Fighting       | 4 |  4.4

Action                   |  1- 3 |  4- 6 || total
-------------------------+-------+-------++-------
Melee: War axe           |    90 |   123 ||   213
  Eat: Chunk             |     1 |     5 ||     6
Armor: Scale mail        |    55 |    52 ||   107
Dodge: Dodged            |    31 |    48 ||    79
Block: Shield            |    61 |    83 ||   144

Table legend:
 A = Non-vault XP
 B = Vault XP
 C = Vault XP percentage of total XP
 D = Non-vault monster count
 E = Vault monster count
 F = Vault count percentage of total count
                 A         B        C        D         E       F
            +---------+---------+-------+---------+---------+-------
      Total |     416 |       0 |   0.0 |      60 |       0 |   0.0
            +---------+---------+-------+---------+---------+-------
        D:1 |      28 |       0 |   0.0 |      16 |       0 |   0.0
        D:2 |      55 |       0 |   0.0 |      11 |       0 |   0.0
        D:3 |      76 |       0 |   0.0 |      21 |       0 |   0.0
        D:4 |     257 |       0 |   0.0 |      12 |       0 |   0.0
            +---------+---------+-------+---------+---------+-------
